AoeStats
← nathanyeung

Enclosed

506184751Analyzed
1v1 RM · 19d ago on Sep 12, 2026· 42m 45s· 2 players
Game mode
Random Map
Map size
Tiny (2 player)
Population
200
Speed
Normal
Resources
Standard
Victory
Conquest
Starting age
Dark Age
Ending age
Imperial Age
RankedLock teamsTeams togetherTeam positionsShared explorationLock speedFull tech treeHidden civsTurbo modeCheats
Victory
Defeat
🇺🇸 Chinese · United States
725
+18
🇭🇰 Saracens · Hong Kong SAR China
735
-16
Smoothshoo
0:44 Loom
9:53 Feudal Age
12:44 Double-Bit Axe
14:40 Wheelbarrow
15:45 Horse Collar
19:08 Castle Age
19:25 Fletching
19:35 Padded Archer Armor
20:20 Bow Saw
21:23 Bodkin Arrow
21:44 Leather Archer Armor
21:48 Crossbowman
24:04 Gold Mining
25:41 Thumb Ring
32:40 Imperial Age
30:31 Hand Cart
32:05 Scale Mail Armor
32:16 Forging
32:46 Heavy Plow
34:10 Stone Mining
34:05 Arbalester
36:28 Stone Shaft Mining
36:30 Gold Shaft Mining
36:34 Conscription
37:38 Two-Man Saw
38:30 Ballistics
39:11 Chemistry
38:27 Bracer
38:57 Ring Archer Armor
39:47 Cavalier
40:43 Bloodlines
39:54 Light Cavalry
40:35 Husbandry
nathanyeung
13:39 Feudal Age
18:35 Loom
22:04 Castle Age
19:53 Double-Bit Axe
20:12 Gold Mining
21:31 Fletching
21:55 Horse Collar
23:31 Bow Saw
24:31 Wheelbarrow
24:17 Bodkin Arrow
25:12 Forging
26:54 Iron Casting
27:58 Hand Cart
28:55 Town Watch
31:27 Scale Barding Armor
34:05 Imperial Age
32:15 Gold Shaft Mining
32:28 Chain Barding Armor
33:49 Scale Mail Armor
37:11 Bloodlines
38:17 Plate Barding Armor
38:24 Conscription
38:47 Husbandry
Connection lost

Rejoining the realm…

Still unreachable

The connection could not be restored.

Session expired

The server has moved on; the page needs a fresh start.